 Dungeon Crawl Stone Soup version 0.31-a0-1511-g961fd35ebc (webtiles) character file.

Game seed: 14056388076730243326

770 Amplified the Trooper (level 7, -10/58 HPs)
             Began as a Demonspawn Monk on Dec 30, 2023.
             Mangled by Pikel
             ... wielding a +2 whip of electrocution
              (17 damage)
             ... on level 5 of the Dungeon.
             The game lasted 00:04:57 (3693 turns).

Amplified the Trooper (Demonspawn Monk)             Turns: 3693, Time: 00:04:58

Health: -10/58     AC: 12    Str: 14    XL:     7   Next: 53%
Magic:  16/16      EV:  8    Int: 10    God:
Gold:   173        SH:  4    Dex: 15    Spells: 6/6 levels left

rFire   . . .        a - +0 hand axe
rCold   . . .        d - orb {light}
rNeg    . . .        f - +0 chain mail
rPois   .            (no helmet)
rElec   .            (no cloak)
rCorr   .            (no gloves)
SInv    .            (no boots)
Will    .....        (no amulet) Stlth
                     l - ring of magical power
HPRegen 0.29/turn    (no ring)
MPRegen 0.30/turn

%: no passive effects
@: glowing
A: icemail 1, magic regeneration, condensation shield, demonic touch 1
a: no special abilities


You were on level 5 of the Dungeon.
You visited 1 branch of the dungeon, and saw 5 of its levels.

You collected 173 gold pieces.

Inventory:

Hand Weapons
 a - a +0 hand axe (weapon)
Missiles
 h - 4 poisoned darts (quivered)
Armour
 d - an orb of light (worn)
 f - a +0 chain mail (worn)
Jewellery
 l - a ring of magical power (left hand)
Wands
 b - a wand of digging (1)
Scrolls
 i - 3 scrolls of blinking
 k - 3 scrolls of teleportation
 o - a scroll of identify
 p - a scroll of fog
Potions
 c - a potion of ambrosia
 e - 3 potions of degeneration
 g - 4 potions of curing
 j - a potion of invisibility
 n - a potion of resistance


   Skills:
 * Level 6.1 Fighting
 * Level 5.5 Axes
 + Level 4.3 Dodging


You had 6 spell levels left.
You didn't know any spells.
Your spell library contained the following spells:

 Spells                   Type           Power      Damage    Failure   Level
 Apportation              Tloc           0%         N/A       100%        1
 Necrotise                Necr           0%         1d4       100%        1
 Sandblast                Erth           0%         2d4       100%        1
 Sting                    Conj/Alch      0%         1d3       100%        1
 Summon Small Mammal      Summ           0%         N/A       100%        1
 Call Canine Familiar     Summ           0%         N/A       100%        3
 Passwall                 Erth           0%         N/A       100%        3
 Sigil of Binding         Hex            0%         N/A       100%        3
 Stone Arrow              Conj/Erth      0%         3d7       100%        3
 Brom's Barrelling Bould  Conj/Erth      0%         2d3       100%        4
 Dimensional Bullseye     Hex/Tloc       0%         N/A       100%        4


Dungeon Overview and Level Annotations

Branches:
Dungeon (5/15)
 Temple: D:4-7

Altars:
Gozag
Kikubaaqudgha
Xom

Shops:
D:1 [

Annotations:
D:5 Pikel


Innate Abilities, Weirdness & Mutations

A meltable icy envelope protects you from harm. (AC +4)
You regenerate magic rapidly.
A meltable shield of frost defends you. (SH +4)
Your touch may inflict minor irresistible damage on your foes.


Message History

Press: ? - help, Q - select action Shift-Dir - straight line, f - Pikel
Aim: Pikel, wielding a +2 whip of electrocution and wearing a +0 robe of positive energy (lightly wounded, haloed, 70% to hit)
You throw a poisoned dart. The poisoned dart hits Pikel.
Pikel is poisoned.
Pikel is lightly wounded.
Pikel hits you with a +2 whip of electrocution.
Unknown command.
Throw: 5 darts (poison)
Press: ? - help, Q - select action Shift-Dir - straight line, f/p - Pikel
Aim: Pikel, wielding a +2 whip of electrocution and wearing a +0 robe of positive energy (lightly wounded, poisoned, haloed, 70% to hit)
You throw a poisoned dart. The poisoned dart hits Pikel.
Pikel looks even sicker.
Pikel is lightly wounded.
Pikel hits you but does no damage.
You are electrocuted!
You hit Pikel but do no damage.
Pikel is lightly wounded.
Pikel hits you with a +2 whip of electrocution.
Unknown command.
Unknown command.
You slash Pikel!
Pikel is heavily wounded.
Pikel hits you with a +2 whip of electrocution.
Unknown command.
You closely miss Pikel.
Pikel is heavily wounded.
Pikel hits you with a +2 whip of electrocution.
You are electrocuted!
* * * LOW HITPOINT WARNING * * *
Unknown command.
You hit Pikel but do no damage.
Pikel is heavily wounded.
Pikel closely misses you.
You hit Pikel but do no damage.
Pikel is heavily wounded.
Pikel hits you with a +2 whip of electrocution.
* * * LOW HITPOINT WARNING * * *
Pikel hits you with a +2 whip of electrocution.
* * * LOW HITPOINT WARNING * * *
You are electrocuted!
You die...
Pikel says, "Another soul for the market."

### #...# #.## #...# #..######
####...# #.......###......#
#.......)...##...#
####............#...##### .#
#.............#.).......# ##.#
#.............#####)###.##....
#..............@K5o........#.#
#.)...........###55...#.......
#<............# #.5)..........
#.............# #K).......##..
#..........(..# #5.........#..
#...####+####.#
#.....##.#....# ##### ###
#..)..##..##...
#5....#.>.##...
##.......#......#


You could see Pikel (poisoned), 4 lemures and an orc.

Vanquished Creatures
  Grinder (D:3)
  An ice beast (D:3)
  An ogre (D:4)
  A centaur (D:5)
  A jelly (D:4)
  An iguana (D:4)
  2 orc wizards
  9 adders
  2 ufetubi (D:4)
  2 dart slugs (D:1)
  A ribbon worm (D:4)
  14 orcs
  3 bat zombies (D:4)
  8 endoplasms
  5 giant cockroaches
  3 goblins
  5 hobgoblins
  6 jackals
  6 kobolds
  A quokka (D:4)
  7 ball pythons
  5 bats
  2 frilled lizards
  5 rats
92 creatures vanquished.

Notes
Turn   | Place    | Note
-------+----------+-------------------------------------------
     0 | D:1      | Amplified the Demonspawn Monk began the quest for the Orb.
     0 | D:1      | Reached XP level 1. HP: 18/18 MP: 1/1
   217 | D:1      | Gained mutation: A meltable shield of frost defends you.
                  | (SH +4) [demonic ancestry]
   217 | D:1      | Reached XP level 2. HP: 14/24 MP: 2/2
   295 | D:1      | Found Cemihu's Armour Shoppe.
   930 | D:2      | Reached XP level 3. HP: 17/29 MP: 3/3
  1263 | D:3      | Found an opulent altar of Gozag.
  1346 | D:3      | Gained mutation: A meltable icy envelope protects you from
                  | harm. (AC +4) [demonic ancestry]
  1346 | D:3      | Reached XP level 4. HP: 30/37 MP: 4/4
  1653 | D:3      | Reached skill level 4 in Fighting
  1775 | D:3      | Noticed an ice beast
  1782 | D:3      | Killed an ice beast
  1783 | D:3      | Gained mutation: You regenerate magic rapidly. [demonic
                  | ancestry]
  1783 | D:3      | Reached XP level 5. HP: 25/43 MP: 5/5
  1897 | D:3      | Noticed Grinder
  1900 | D:3      | Paralysed by Grinder for 3 turns
  1907 | D:3      | Paralysed by Grinder for 3 turns
  1915 | D:3      | Killed Grinder
  1916 | D:3      | Reached skill level 5 in Fighting
  1916 | D:3      | Reached XP level 6. HP: 26/51 MP: 6/6
  2100 | D:3      | Found a faded altar of an unknown god.
  2100 | D:3      | Noticed a reaper
  2508 | D:4      | Found an ancient bone altar of Kikubaaqudgha.
  2976 | D:5      | Entered Level 5 of the Dungeon
  3000 | D:4      | Reached skill level 5 in Axes
  3000 | D:4      | Gained mutation: Your touch may inflict minor irresistible
                  | damage on your foes. [demonic ancestry]
  3000 | D:4      | Reached XP level 7. HP: 23/57 MP: 7/7
  3505 | D:5      | Reached skill level 6 in Fighting
  3661 | D:5      | Found a shimmering altar of Xom.
  3663 | D:5      | Noticed Pikel
  3693 | D:5      | Mangled by Pikel

Illustrated notes

Levels and vault maps discovered:
D:1:      dpeg_arrival_simpleton_b, layout_loops_ring, serial_shops,
          nicolae_shop_window_shopping, grunt_decor_junction
D:2:      layout_rooms
D:3:      layout_rooms, pdpol_temple_overflow_zin_treasury_gozag_greed,
          dreamdust_ecumenical_altar_sealed_demon, minmay_close_crescents,
          uniq_grinder
D:4:      layout_basic, lemuel_zombie_altar_kikubaaqudgha
D:5:      layout_rooms, xom_butterflies, lemuel_temple_firewalk_b,
          kennysheep_generic_room_8, uniq_blork_the_orc, uniq_pikel

Skill      XL: |  1  2  3  4  5  6  7 |
---------------+----------------------+-----
Axes           | 3 4 5 |  5.5
Dodging        | 3 4 |  4.3
Fighting       | 4 5 6 |  6.1

Action                     |  1- 3 |  4- 6 |  7- 9 || total
---------------------------+-------+-------+-------++-------
  Melee: Hand axe          |    94 |   130 |    76 ||   300
  Throw: Dart              |       |     1 |     2 ||     3
         Throwing net      |       |     1 |       ||     1
  Evoke: Wand              |       |     8 |       ||     8
    Use: Scroll            |     6 |     3 |     2 ||    11
         Potion            |       |     2 |     3 ||     5
   Stab: Held in net/web   |       |     1 |       ||     1
 Armour: Chain mail        |    97 |   150 |    84 ||   331
  Dodge: Dodged            |    32 |    80 |    34 ||   146

Table legend: (Time is in decaauts)
 A = Elapsed time spent in this place.
 B = Non-inter-level travel time spent in this place.
 C = Inter-level travel time spent in this place.
 D = Time resting spent in this place.
 E = Time spent auto-exploring this place.
 F = Levels seen in this place.
 G = Mean time per level.
                   A        B        C        D        E       F      G
               +--------+--------+--------+--------+--------+-----+--------+
         Total |   3697 |   3550 |    147 |    323 |   2444 |   5 |  739.4 |
       Dungeon |   3697 |   3550 |    147 |    323 |   2444 |   5 |  739.4 |
               +--------+--------+--------+--------+--------+-----+--------+

Top non-repeatable levels by time:
     D:4: 1303 daAuts
     D:3: 922 daAuts
     D:1: 806 daAuts
     D:2: 449 daAuts
     D:5: 216 daAuts
